 Dungeon Crawl Stone Soup version 0.25.0-46-gbd7b0854d2 (webtiles) character file.

Game seed: 9726613212456639943

34 Milting the Caller (level 3, 0/20 HPs)
             Began as a Tengu Summoner on July 12, 2020.
             Was a Follower of Jiyva.
             Succumbed to an adder's poison
             ... on level 1 of the Dungeon.
             The game lasted 00:06:52 (1541 turns).

Milting the Caller (Tengu Summoner)                 Turns: 1541, Time: 00:06:52

Health: 0/20       AC:  4    Str:  8    XL:     3   Next: 31%
Magic:  6/7        EV: 13    Int: 16    God:    Jiyva [*.....]
Gold:   18         SH:  0    Dex: 14    Spells: 5/6 levels left

rFire    + + .     SeeInvis .   (no weapon)
rCold    x x .     Gourm    .   (no shield)
rNeg     . . .     Faith    .   a - +0 robe
rPois    .         Spirit   .   n - +2 hat
rElec    .         Reflect  .   (no cloak)
rCorr    .         Harm     .   (no gloves)
MR       .....                  (boots unavailable)
Stlth    ++........             (no amulet)
HPRegen  0.06/turn              l - ring of fire
MPRegen  0.10/turn              s - ring of fire

@: lethally poisoned (0 -> -7)
A: beak, talons 3
a: Request Jelly, Renounce Religion


You were on level 1 of the Dungeon.
You worshipped Jiyva.
Jiyva was aware of your devotion.
You were not hungry.

You visited 1 branch of the dungeon, and saw 2 of its levels.

You collected 18 gold pieces.

Inventory:

Hand Weapons
 q - a +1 dagger of electrocution
Missiles
 i - 78 stones (quivered)
Armour
 a - a +0 robe (worn)
 g - a +2 pair of boots
 n - a +2 hat (worn)
Jewellery
 l - a ring of fire (left hand)
 s - a ring of fire (right hand)
Scrolls
 b - 2 scrolls of identify {unknown}
 d - 2 scrolls of remove curse {unknown}
 j - a scroll of amnesia {unknown}
 k - 2 scrolls of teleportation {unknown}
 m - 3 scrolls of fog {unknown}
Potions
 e - a potion of ambrosia {unknown}
 f - 2 potions of cancellation {unknown}
 h - a potion of brilliance {unknown}
 o - a potion of curing {unknown}
 r - a potion of mutation {unknown}
 t - a potion of might {unknown}
Comestibles
 c - 3 rations
 p - 6 chunks of flesh


   Skills:
 + Level 0.8 Fighting
 + Level 2.5 Dodging
 - Level 2.0 Stealth
 + Level 0.7 Unarmed Combat
 * Level 2.3 Spellcasting
 * Level 5.3 Summonings


You had 5 spell levels left.
You knew the following spells:

 Your Spells              Type           Power        Failure   Level  Hunger
a - Summon Small Mammal   Summ           ###.         2%          1    #......

Your spell library contained the following spells:

 Spells                   Type           Power        Failure   Level  Hunger
 Call Imp                 Summ           ###.....     3%          2    ###....
 Call Canine Familiar     Summ           ###.....     7%          3    ###....
 Summon Guardian Golem    Hex/Summ       ##......     21%         3    ###....
 Summon Ice Beast         Ice/Summ       ##......     54%         4    #####..
 Summon Lightning Spire   Summ/Air       ##......     54%         4    #####..


Dungeon Overview and Level Annotations

Branches:
Dungeon (2/15)

Altars:
Nemelex Xobeh
Jiyva


Innate Abilities, Weirdness & Mutations

You have a beak for a mouth.
You have claws for feet.


Message History

You feel sick. The adder closely misses you. The adder bites you.
* * * LOW HITPOINT WARNING * * *
You are lethally poisoned!
The adder poisons you!
Your bat closely misses the adder.
Your quokka misses the adder.
* * * LOW HITPOINT WARNING * * *
You feel sick.
Your bat hits the adder. The adder barely misses your bat.
* * * LOW HITPOINT WARNING * * *
You feel sick.
Your bat closely misses the adder.
Your bat hits the adder. The adder bites your bat.
Your bat dies!
Your bat's corpse disappears in a puff of smoke!
Your quokka bites the adder.
The adder bites your quokka.
Your quokka closely misses the adder.
* * * LOW HITPOINT WARNING * * *
You feel sick. The adder bites your quokka.
Your quokka bites the adder.
The adder dies!
* * * LOW HITPOINT WARNING * * *
You feel sick.
You die...

#..........# #..........#
#######..........#
#................# ######
#...............## #....###
#...............## #......#
#................# #.......
#................# ##....)..
#...........@....####...)...#
#...........r..............##
###..#............).##.....##
##.#.....>..............###
#.....)................# #
##.....................###
###.#............)......#
##.......................
##........................


You could see a friendly quokka (summoned).

Vanquished Creatures
  A bat (D:2)
  A giant cockroach (D:2)
  A goblin (D:1)
  A rat (D:1)
4 creatures vanquished.

Vanquished Creatures (collateral kills)
  An adder (D:1)
  2 ball pythons (D:1)
  3 bats
  8 goblins
  2 hobgoblins (D:1)
  4 jackals (D:1)
  2 frilled lizards
  A kobold (D:1)
  8 rats (D:1)
31 creatures vanquished.

Vanquished Creatures (others)
  An adder (D:2)
  A frilled lizard (D:2)
2 creatures vanquished.

Grand Total: 37 creatures vanquished

Notes
Turn   | Place    | Note
-------+----------+-------------------------------------------
     0 | D:1      | Milting the Tengu Summoner began the quest for the Orb.
     0 | D:1      | Reached XP level 1. HP: 10/10 MP: 4/4
   317 | D:1      | Reached XP level 2. HP: 16/16 MP: 0/6
   579 | D:1      | Reached skill level 5 in Summonings
  1376 | D:2      | Found a sparkling altar of Nemelex Xobeh.
  1394 | D:2      | Reached XP level 3. HP: 20/20 MP: 7/7
  1472 | D:2      | Found a faded altar of an unknown god.
  1487 | D:2      | Became a worshipper of Jiyva Jeproaki the Shapeless
  1487 | D:2      | Reached * piety under Jiyva
  1539 | D:1      | HP: 1/20 [poisoned by an adder]
  1541 | D:1      | Succumbed to an adder's poison

Illustrated notes

Levels and vault maps discovered:
D:1:      elethiomel_arrival_infinity_welcomes_careful_drivers, layout_rooms
D:2:      layout_loops_ring, lemuel_doored_altar,
          chequers_ecumenical_altar_simple, chequers_serial_rivers_micro_c,
          corexii_shack, uniq_robin, uniq_terence

Skill      XL: |  1  2 |
---------------+-------+-----
Summonings     | 5 |  5.3
Fighting       | |  0.8
Dodging        | |  2.5
Stealth        | |  2.0
Unarmed Combat | |  0.7
Spellcasting   | |  2.3

Action                   || total
-------------------------++-------
Melee: Unarmed           ||    18
       Peck              ||     2
       Kick              ||     4
 Cast: Summon Small Mamm ||    58
  Eat: Chunk             ||     3
Armor: Robe              ||    11
Dodge: Dodged            ||    22
